 Dungeon Crawl Stone Soup version 0.32-a0-975-g85d4e5bfdb (webtiles) character file.

Game seed: 3155684483146519534

132 Fodor the Shield-Bearer (level 4, 0/41 HPs)
             Began as a Minotaur Fighter on Apr 18, 2024.
             Succumbed to a kobold's poison
             ... on level 3 of the Dungeon.
             The game lasted 00:05:01 (2097 turns).

Fodor the Shield-Bearer (Minotaur Fighter)          Turns: 2097, Time: 00:05:02

Health: 0/41       AC: 13    Str: 22    XL:     4   Next: 92%
Magic:  3/3        EV:  6    Int:  5    God:
Gold:   100        SH:  8    Dex: 10    Spells: 3/3 levels left

rFire   . . .        r - +0 war axe (flame)
rCold   . . .        h - +0 kite shield
rNeg    . . .        b - +0 chain mail
rPois   .            (helmet restricted)
rElec   .            (no cloak)
rCorr   .            (no gloves)
SInv    .            (no boots)
Will    .....        (no amulet) Stlth
                     m - +4 ring of protection
HPRegen 0.26/turn    (no ring)
MPRegen 0.08/turn

%: no passive effects
@: lethally poisoned (0 -> -5)
A: horns 2, retaliatory headbutt
a: no special abilities


You were on level 3 of the Dungeon.
You visited 1 branch of the dungeon, and saw 3 of its levels.

You collected 100 gold pieces.

Inventory:

Hand Weapons
 r - a +0 war axe of flaming (weapon)
Armour
 b - a +0 chain mail (worn)
 h - a +0 kite shield (worn)
Jewellery
 c - a ring of wizardry
 m - a +4 ring of protection (left hand)
Talismans
 j - a maw talisman
Scrolls
 e - a scroll of silence
 g - a scroll of fear
 i - 2 scrolls of blinking
 k - a scroll of teleportation {unknown}
 l - a scroll of brand weapon {unknown}
 o - 2 scrolls of vulnerability {unknown}
 p - a scroll of identify
 q - a scroll of enchant armour {unknown}
Potions
 d - a potion of might
 f - 3 potions of curing {unknown}
 n - a potion of enlightenment {unknown}


   Skills:
 + Level 4.5 Fighting
 + Level 3.7 Axes
 + Level 4.5 Armour
 + Level 0.5 Dodging
 + Level 4.7 Shields


You had 3 spell levels left.
You didn't know any spells.
Your spell library was empty.

Dungeon Overview and Level Annotations

Branches:
Dungeon (3/15)

Altars:

Shops:
D:2 (   D:3 [


Innate Abilities, Weirdness & Mutations

You have a pair of horns on your head.
You reflexively headbutt those who attack you in melee.


Message History

You hit the kobold but do no damage.
The kobold is moderately wounded.
You hear a shout!
The kobold hits you but does no damage.
You are poisoned.
The kobold hits you but does no damage.
You are more poisoned.
You feel very sick. You block the kobold's attack.
You feel very sick. The kobold attacks as it pursues you!
The kobold hits you but does no damage.
You are more poisoned.
You feel very sick. The kobold attacks as it pursues you!
The kobold hits you with a +1 short sword of venom.
You feel very sick.
You feel very sick.
The kobold hits you with a +1 short sword of venom.
You are lethally poisoned!
You closely miss the kobold.
* * * LOW HITPOINT WARNING * * *
You feel very sick. You block the kobold's attack. x2
You slash the kobold! You burn the kobold.
You kill the kobold!
* * * LOW HITPOINT WARNING * * *
You feel very sick.
You closely miss the hobgoblin.
* * * LOW HITPOINT WARNING * * *
You feel very sick.
The hobgoblin hits you but does no damage.
You block the hobgoblin's attack.
You hit the hobgoblin. You burn the hobgoblin.
The hobgoblin is heavily wounded.
* * * LOW HITPOINT WARNING * * *
You feel sick.
The hobgoblin hits you but does no damage.
You slash the hobgoblin! You burn the hobgoblin.
You kill the hobgoblin!
You die...

#......#
##......#
###......##
#...###..#
###.#####.##
##...# ##..#
##'#.# #..##
##∩#.# #.##
####.# #@#
##.### #)#
#.#####.###
#>........#
#....>....#
#...........$
#.........####
#.######### .


There were no monsters in sight!

Vanquished Creatures
  An orc wizard (D:3)
  3 gnolls (D:2)
  2 adders (D:2)
  A dart slug (D:1)
  4 orcs (D:3)
  3 bats
  5 endoplasms
  A giant cockroach (D:2)
  6 hobgoblins
  6 jackals
  2 quokkas (D:1)
  6 ball pythons
  2 frilled lizards
  2 goblins
  4 kobolds
  4 rats
52 creatures vanquished.

Notes
Turn   | Place    | Note
-------+----------+-------------------------------------------
     0 | D:1      | Fodor the Minotaur Fighter began the quest for the Orb.
     0 | D:1      | Reached XP level 1. HP: 19/19 MP: 0/0
   203 | D:1      | Reached XP level 2. HP: 19/27 MP: 1/1
  1025 | D:2      | Reached XP level 3. HP: 26/34 MP: 2/2
  1126 | D:2      | Reached XP level 4. HP: 28/41 MP: 3/3
  1285 | D:2      | Found Yzxel's Weapon Emporium.
  1665 | D:2      | Found a faded altar of an unknown god.
  2059 | D:3      | Found Zaoll's Armour Shop.
  2096 | D:3      | HP: 2/41 [poisoned by a kobold]
  2097 | D:3      | Succumbed to a kobold's poison

Illustrated notes

Levels and vault maps discovered:
D:1:      amcnicky_arrival_blooded_trapdoor, layout_basic, minmay_misc_feat_rows
D:2:      layout_loops_corners, serial_shops, shop_fountains,
          ebering_ecumenical_altar_abandoned
D:3:      layout_rooms, serial_shops, nicolae_shop_tiny_glass

Skill      XL: |  1  2  3 |
---------------+----------+-----
Fighting       | 4 |  4.5
Shields        | 4 |  4.7
Armour         | 4 |  4.5
Axes           | 3 |  3.7
Dodging        | |  0.5

Action                     |  1- 3 |  4- 6 || total
---------------------------+-------+-------++-------
  Melee: War axe           |    54 |    60 ||   114
         Headbutt          |     4 |     8 ||    12
    Use: Scroll            |     3 |       ||     3
 Armour: Scale mail        |    31 |       ||    31
         Chain mail        |    20 |    63 ||    83
  Dodge: Dodged            |    17 |    14 ||    31
  Block: Kite shield       |    23 |    28 ||    51
         Buckler           |     3 |       ||     3

Table legend: (Time is in decaauts)
 A = Elapsed time spent in this place.
 B = Non-inter-level travel time spent in this place.
 C = Inter-level travel time spent in this place.
 D = Time resting spent in this place.
 E = Time spent auto-exploring this place.
 F = Levels seen in this place.
 G = Mean time per level.
                   A        B        C        D        E       F      G
               +--------+--------+--------+--------+--------+-----+--------+
         Total |   2148 |   2105 |     43 |     59 |   1476 |   3 |  716.0 |
       Dungeon |   2148 |   2105 |     43 |     59 |   1476 |   3 |  716.0 |
               +--------+--------+--------+--------+--------+-----+--------+

Top non-repeatable levels by time:
     D:1: 1009 daAuts
     D:2: 979 daAuts
     D:3: 159 daAuts
